 Dungeon Crawl Stone Soup version 0.30-a0-743-gbfdf073431 (webtiles) character file.

Game seed: 17806543078129550550

163 browni3141 the Chopper (level 5, -3/41 HPs)
             Began as a Mummy Cinder Acolyte on Feb 6, 2023.
             Was a High Priest of Ignis.
             Slain by a mummy (12 damage)
             ... in an ossuary.
             The game lasted 00:06:13 (2786 turns).

browni3141 the Chopper (Mummy Cinder Acolyte)       Turns: 2786, Time: 00:06:13

Health: -3/41      AC:  5    Str: 19    XL:     5   Next: 20%
Magic:  7/7        EV: 10    Int: 13    God:    Ignis [*****.]
Gold:   131        SH:  0    Dex:  8    Spells: 4/6 levels left

rFire   . . .      SeeInvis .    a - -1 hand axe (flame)
rCold   + . .      Faith    +    (no shield)
rNeg    + + +      Spirit   .    j - +0 ring mail
rPois   ∞          Reflect  .    (no helmet)
rElec   .          Harm     .    (no cloak)
rCorr   .          Rampage  .    (no gloves)
Will    .....                    (no boots) Stlth
                                 (no amulet)
HPRegen 0.26/turn                (no ring)
MPRegen 0.10/turn                (no ring)

@: no status effects
A: cold resistance 1, negative energy resistance 3, torment resistance 2, heat
vulnerability 1, in touch with death 1, no potions, faith
a: Renounce Religion, Fiery Armour, Foxfire Swarm, Rising Flame


You were in an ossuary.
You worshipped Ignis.
Ignis was extremely pleased with you.
You visited 1 branch of the dungeon, and saw 4 of its levels.
You also visited: Ossuary.

You collected 131 gold pieces.

Inventory:

Hand Weapons
 a - a -1 hand axe of flaming (weapon)
 e - a +0 club
 h - a +1 dagger of venom
Missiles
 k - 2 throwing nets
Armour
 b - a +0 robe
 j - a +0 ring mail (worn)
Jewellery
 l - a ring of resist corrosion
Scrolls
 c - 2 scrolls of teleportation
 d - a scroll of identify
 f - a scroll of enchant weapon
 g - 2 scrolls of blinking
 i - a scroll of fog
 m - a scroll of noise
 n - a scroll of brand weapon


   Skills:
 - Level 3.0 Fighting
 - Level 4.0 Axes
 - Level 1.3 Spellcasting
 * Level 3.7 Fire Magic


You had 4 spell levels left.
You knew the following spells:

 Your Spells              Type           Power      Damage    Failure   Level
a - Scorch                Fire           20%        2d6       16%         2

Your spell library contained the following spells:

 Spells                   Type           Power      Damage    Failure   Level


Dungeon Overview and Level Annotations

Branches:
Dungeon (4/15)            Ossuary (1/1)
 Temple: D:4-7

Altars:
Qazlal
Wu Jian


Innate Abilities, Weirdness & Mutations

You are immune to poison.
Your flesh is cold resistant. (rC+)
You are immune to negative energy. (rN+++)
You are immune to unholy pain and torment.
You are vulnerable to heat. (rF-)
You are in touch with the powers of death.
You do not drink.
You have a special connection with the divine. (Faith)


Message History

You hit the mummy but do no damage. x2; You hit the hobgoblin zombie.
You burn the hobgoblin zombie. The hobgoblin zombie hits you.
A hobgoblin zombie comes into view.
You hit the hobgoblin zombie. You burn the hobgoblin zombie.
You destroy the hobgoblin zombie!
You hit the orc zombie. You burn the orc zombie. You hit the gnoll zombie.
You burn the gnoll zombie. You barely miss the mummy. You hit the mummy.
You burn the mummy. The mummy hits you. The mummy hits you!
The gnoll zombie closely misses you. The orc zombie closely misses you.
You hit the mummy. You burn the mummy.
The mummy is almost destroyed.
You hit the gnoll zombie. You burn the gnoll zombie.
You hit the mummy but do no damage. You hit the orc zombie.
You burn the orc zombie.
You destroy the orc zombie!
The mummy closely misses you. x2
You hit the mummy. You burn the mummy.
You destroy the mummy!
You hit the mummy. You burn the mummy. You barely miss the mummy.
You hit the mummy. You burn the mummy. You hit the mummy. You burn the mummy.
The mummy is moderately damaged.
You hit the mummy but do no damage. You hit the mummy. You burn the mummy.
The mummy barely misses you. The mummy misses you.
You hit the mummy but do no damage.
The mummy is moderately damaged.
You hit the mummy but do no damage. You hit the mummy. You burn the mummy.
The mummy barely misses you. x2
You hit the mummy. You burn the mummy.
The mummy is severely damaged.
You hit the mummy. You burn the mummy. You hit the mummy but do no damage.
The mummy hits you!
* * * LOW HITPOINT WARNING * * *
You are too injured to fight recklessly!
You are too injured to fight recklessly!
You hit the mummy but do no damage.
The mummy is severely damaged.
You hit the mummy but do no damage. x2; The mummy hits you but does no damage.
The mummy closely misses you. The mummy hits you!
You die...

...##....##....
...............
..............
............
#........#
#...ZZZ#


#ZMMM# #..@.# #....# #....# #....# #....# #....# #....# #.∩∩.# ###### You could
see 3 mummies, a hobgoblin zombie, a gnoll zombie, a kobold zombie and an orc
zombie.

Vanquished Creatures
  A mummy (Ossuary)
  4 gnolls (D:4)
  3 adders (D:2)
  2 worms
  4 dart slugs
  An orc (D:3)
  6 endoplasms
  3 giant cockroaches
  10 goblins
  3 hobgoblins
  4 jackals (D:1)
  7 kobolds
  2 quokkas (D:2)
  3 ball pythons (D:3)
  4 bats
  A frilled lizard (D:2)
  A hobgoblin zombie (Ossuary)
  A kobold zombie (Ossuary)
  2 orc zombies (Ossuary)
  8 rats
70 creatures vanquished.

Notes
Turn   | Place    | Note
-------+----------+-------------------------------------------
     0 | D:1      | browni3141 the Mummy Cinder Acolyte began the quest for the
                  | Orb.
     0 | D:1      | Reached XP level 1. HP: 18/18 MP: 2/2
   123 | D:1      | Reached XP level 2. HP: 14/24 MP: 4/4
   131 | D:1      | Reached skill level 3 in Axes
   203 | D:1      | Learned a level 2 spell: Scorch
   965 | D:2      | Gained mutation: You are in touch with the powers of death.
                  | [Mummy growth]
   965 | D:2      | Reached XP level 3. HP: 29/29 MP: 0/5
  1068 | D:2      | Found a stormy altar of Qazlal.
  1320 | D:2      | Reached skill level 4 in Axes
  1464 | D:2      | Reached XP level 4. HP: 21/35 MP: 6/6
  2299 | D:3      | Found an ornate altar of the Wu Jian Council.
  2619 | D:4      | Found a sand-covered staircase.
  2662 | D:4      | Reached XP level 5. HP: 13/41 MP: 1/7
  2751 | Ossuary  | Entered an ossuary
  2786 | Ossuary  | Slain by a mummy

Illustrated notes

Levels and vault maps discovered:
D:1:      doesnt_arrival_eight_statues, layout_basic
D:2:      layout_loops_ring, basic_altar
D:3:      layout_loops_corners, nzn_wu_jian_council_hall, hangedman_decor_points
D:4:      layout_basic, okawaru_ov_weapons_minmay,
          nicolae_ossuary_entry_false_entrances, serial_shops,
          nicolae_square_shop, kennysheep_diamond, minmay_crystal_room
Ossuary:  ossuary_tomb_3

Skill      XL: |  1  2  3  4 |
---------------+-------------+-----
Axes           | 3 4 |  4.0
Fire Magic     | 3 |  3.7
Fighting       | |  3.0
Spellcasting   | |  1.3

Action                     |  1- 3 |  4- 6 || total
---------------------------+-------+-------++-------
  Melee: Hand axe          |     7 |    12 ||    19
         Club              |    42 |       ||    42
         Dagger            |    54 |    70 ||   124
         Punch             |       |     1 ||     1
   Cast: Scorch            |    14 |     3 ||    17
 Invoke: Fiery Armour      |       |     1 ||     1
    Use: Scroll            |       |     6 ||     6
 Armour: Robe              |    15 |     1 ||    16
         Ring mail         |       |    26 ||    26
  Dodge: Dodged            |    64 |    48 ||   112

Table legend: (Time is in decaauts)
 A = Elapsed time spent in this place.
 B = Non-inter-level travel time spent in this place.
 C = Inter-level travel time spent in this place.
 D = Time resting spent in this place.
 E = Time spent auto-exploring this place.
 F = Levels seen in this place.
 G = Mean time per level.
                   A        B        C        D        E       F      G
               +--------+--------+--------+--------+--------+-----+--------+
         Total |   2794 |   2729 |     65 |    137 |   2035 |   5 |  558.8 |
       Dungeon |   2759 |   2694 |     65 |    137 |   2017 |   4 |  689.8 |
       Ossuary |     35 |     35 |      0 |      0 |     18 |   1 |   35.0 |
               +--------+--------+--------+--------+--------+-----+--------+

Top non-repeatable levels by time:
     D:3: 927 daAuts
     D:2: 842 daAuts
     D:1: 835 daAuts
     D:4: 153 daAuts
 Ossuary: 35 daAuts
